 Dungeon Crawl Stone Soup version 0.28-b1-1-g3c77fb2ed1 (webtiles) character file.

Game seed: 12066801267854904766

1369 styxcanada the Covert (level 8, 0/40 HPs)
             Began as a Spriggan Brigand on Jan 28, 2022.
             Was an Initiate of Gozag.
             Slain by an ogre (23 damage)
             ... on level 5 of the Dungeon.
             The game lasted 00:23:06 (7217 turns).

styxcanada the Covert (Spriggan Brigand)            Turns: 7217, Time: 00:23:07

Health: 0/40       AC:  4    Str:  7    XL:     8   Next: 38%
Magic:  9/9        EV: 23    Int: 12    God:    Gozag
Gold:   110        SH:  0    Dex: 31    Spells: 7/7 levels left

rFire   . . .      SeeInvis +   y - +2 short sword (venom)
rCold   . . .      Faith    .   (no shield)
rNeg    . . .      Spirit   .   b - +0 robe
rPois   .          Reflect  .   (helmet restricted)
rElec   .          Harm     .   c - +1 cloak
rCorr   .          Rampage  .   (gloves unavailable)
Will    +....                   (boots unavailable)
Stlth   ++++++....              (no amulet)
HPRegen 0.13/turn               m - +6 ring of dexterity
MPRegen 0.11/turn               t - +6 ring of dexterity

@: gold aura, very quick
A: very small, no large weapons, unfitting armour, see invisible, speed 3
a: Renounce Religion, Potion Petition, Call Merchant, Bribe Branch


You were on level 5 of the Dungeon.
You worshipped Gozag.
Gozag was aware of your devotion.
You visited 2 branches of the dungeon, and saw 6 of its levels.
You also visited: Sewer.

You collected 163 gold pieces.
You paid 53 gold pieces to Gozag.

Inventory:

Hand Weapons
 a - a +2 dagger
 n - a +0 hunting sling
 y - a +2 short sword of venom (weapon)
Missiles
 d - 21 poisoned darts (quivered)
 e - 2 curare-tipped darts
 g - 241 stones
 o - 59 sling bullets
Armour
 b - a +0 robe (worn)
 c - a +1 cloak (worn)
Jewellery
 m - a +6 ring of dexterity (left hand)
 t - a +6 ring of dexterity (right hand)
 u - a ring of positive energy
Scrolls
 i - 2 scrolls of teleportation
 p - 2 scrolls of amnesia
 q - a scroll of summoning {unknown}
 w - 2 scrolls of blinking {unknown}
 x - a scroll of silence {unknown}
Potions
 f - a potion of berserk rage
 h - a potion of invisibility
 j - a potion of magic {unknown}
 k - a potion of lignification
 l - a potion of curing
 r - a potion of might {unknown}
 s - 2 potions of resistance {unknown}
 v - a potion of heal wounds {unknown}
 z - 2 potions of brilliance {unknown}


   Skills:
 * Level 3.4 Fighting
 + Level 4.9 Short Blades
 + Level 4.4 Throwing
 * Level 5.1 Dodging
 * Level 11.6 Stealth


You had 7 spell levels left.
You didn't know any spells.
Your spell library contained the following spells:

 Spells                   Type           Power      Damage    Failure   Level
 Animate Skeleton         Necr           0%         N/A       32%         1
 Pain                     Necr           0%         1d4       32%         1
 Ignite Poison            Fire/Tmut/Pois 0%         N/A       69%         3
 Mephitic Cloud           Conj/Pois/Air  0%         N/A       69%         3
 Freezing Cloud           Conj/Ice/Air   0%         6-21      100%        5
 Borgnjor's Revivificati  Necr           0%         N/A       100%        8
 Necromutation            Tmut/Necr      0%         N/A       100%        8


Dungeon Overview and Level Annotations

Branches:
Dungeon (5/15)             Temple (1/1) D:4           Sewer (visited)

Altars:
Ashenzari
Dithmenos
Elyvilon
Fedhas
Gozag
Hepliaklqana
Kikubaaqudgha
Makhleb
Okawaru
Ru
Sif Muna
Trog
Uskayaw
Vehumet
Wu Jian
Xom
Zin
The Shining One


Innate Abilities, Weirdness & Mutations

You are very small and have problems with some larger weapons.
You are too small for most types of armour.
You have supernaturally acute eyesight. (SInv)
You cover ground extremely quickly. (Speed+++)


Message History

Found 5 gold pieces.
You see here 8 gold pieces.
You now have 101 gold pieces (gained 8).
The helpless jelly fails to defend itself.
You stick the jelly like a pincushion!!!
You kill the jelly!
You now have 110 gold pieces (gained 9).
You hit the ogre but do no damage.
The ogre is poisoned.
The ogre hits you with a +0 giant club!
You hit the ogre.
The ogre looks as sick as possible!
The ogre is lightly wounded.
The ogre misses you.
You hit the ogre.
The ogre looks as sick as possible!
The ogre is moderately wounded.
You hit the ogre.
The ogre looks as sick as possible!
The ogre is moderately wounded.
A hound comes into view.
The ogre completely misses you.
The hound barks!
You hit the ogre.
The ogre looks as sick as possible!
The ogre is heavily wounded.
The hound is distracted by your dazzling golden aura.
The ogre is distracted by your dazzling golden aura.
The hound barks!
The ogre shouts!
You hit the ogre.
The ogre is no longer distracted by gold.
The ogre is severely wounded.
A sky beast comes into view.
You barely miss the ogre.
The ogre is severely wounded.
The hound is no longer distracted by gold.
The ogre closely misses you.
You hit the ogre.
The ogre looks as sick as possible!
The ogre is severely wounded.
The hound is distracted by your dazzling golden aura.
The sky beast flickers out of sight for a moment.
The ogre hits you with a +0 giant club!!
Ouch! That really hurt!
You die...
Your body crumbles into a pile of gold.

..# ## ###. #.# .#
#.. #.#
.##.#####.### #
.Y.##......#
#.####..........#
###.......##......#
#...##....##......#
#hO@............#
#...............#
#............)..#
#$.............##
#..............#
#..............#
#..............#
##............##
##...........#


You could see a sky beast (invisible), an ogre (extremely poisoned) and a hound
(unaware).

Vanquished Creatures
  Grinder (D:4)
  3 ogres
  4 kobold brigands (Sewer)
  Blork the orc (D:4)
  A scorpion (D:4)
  A howler monkey (D:5)
  An orc priest (D:4)
  A jelly (D:5)
  Jessica (D:2)
  A scorpion zombie (D:4)
  Terence (D:2)
  3 orc wizards (D:4)
  Robin (D:2)
  5 gnolls
  8 adders
  2 river rats (Sewer)
  7 worms
  A dart slug (D:2)
  11 orcs
  13 ball pythons
  11 endoplasms
  5 giant cockroaches
  9 hobgoblins
  3 jackals (D:4)
  4 kobolds
  3 quokkas (D:2)
  4 bats
  6 frilled lizards
  14 goblins
  14 rats
140 creatures vanquished.

Vanquished Creatures (others)
  A fungus (D:2)
  2 plants (D:2)
3 creatures vanquished.

Grand Total: 143 creatures vanquished

Notes
Turn   | Place    | Note
-------+----------+-------------------------------------------
     0 | D:1      | styxcanada the Spriggan Brigand began the quest for the
                  | Orb.
     0 | D:1      | Reached XP level 1. HP: 10/10 MP: 2/2
    77 | D:1      | Reached skill level 6 in Stealth
    81 | D:1      | Reached XP level 2. HP: 5/14 MP: 3/3
   573 | D:1      | Reached XP level 3. HP: 13/18 MP: 4/4
  1325 | D:2      | Noticed Robin
  1767 | D:2      | Reached skill level 7 in Stealth
  1810 | D:2      | Reached XP level 4. HP: 19/23 MP: 5/5
  1880 | D:2      | Found a faded altar of an unknown god.
  2246 | D:2      | Killed Robin
  2469 | D:2      | Noticed Terence
  2476 | D:2      | Killed Terence
  2550 | D:2      | Noticed Jessica
  2553 | D:2      | Killed Jessica
  2554 | D:2      | Reached XP level 5. HP: 26/26 MP: 6/6
  2721 | D:3      | Found an ornate altar of the Wu Jian Council.
  2762 | D:3      | Reached skill level 8 in Stealth
  3374 | D:4      | Noticed Blork the orc
  3374 | D:4      | Noticed an ogre
  3376 | D:4      | Killed Blork the orc
  3378 | D:4      | Found a glowing drain.
  3485 | Sewer    | Entered a sewer
  3561 | Sewer    | Reached XP level 6. HP: 15/31 MP: 7/7
  3975 | Sewer    | Reached skill level 9 in Stealth
  4818 | Sewer    | Reached XP level 7. HP: 27/35 MP: 8/8
  5178 | D:4      | Reached skill level 10 in Stealth
  5397 | D:4      | Got the Disquisition on Stolen Souls
  5503 | D:4      | Noticed Grinder
  5505 | D:4      | Found a glowing silver altar of Zin.
  5553 | D:4      | Found a staircase to the Ecumenical Temple.
  5563 | Temple   | Entered the Ecumenical Temple
  5953 | D:4      | Found a radiant altar of Vehumet.
  6235 | D:4      | Killed Grinder
  6236 | D:4      | Reached XP level 8. HP: 33/40 MP: 9/9
  6345 | D:4      | Reached skill level 11 in Stealth
  6739 | D:4      | Found a hazy altar of Hepliaklqana.
  6743 | D:4      | Found a broken altar of Ashenzari.
  6999 | D:4      | Found a white marble altar of Elyvilon.
  6999 | D:4      | Found a shadowy altar of Dithmenos.
  7160 | D:5      | Entered Level 5 of the Dungeon
  7160 | D:5      | Found an opulent altar of Gozag.
  7163 | D:5      | Reached skill level 5 in Dodging
  7170 | D:5      | Became a worshipper of Gozag Ym Sagoz the Greedy
  7217 | D:5      | Slain by an ogre

Illustrated notes

Levels and vault maps discovered:
D:1:      heliophobic_arrival_henge, layout_basic, nrook_mini_vaults,
          serial_bayou_ford_a, patterned_corridor
D:2:      layout_basic, shapermc_ecumenical_altar_mp_ritualfount,
          minmay_split_cup_large, uniq_robin, uniq_terence, uniq_jessica
D:3:      layout_rooms, mainiacjoe_overflow_24_doors,
          wander_ebering_terrifying_dragon_lair
D:4:      layout_loops_corners, vehumet_crystals, old_standard_altar,
          grunt_temple_overflow_open, gammafunk_temple_overflow_pools,
          minmay_temple_entry_trees, portal_sewer_entry_a, glass_columns_a,
          st_stairs_7, uniq_grinder, uniq_blork_the_orc
D:5:      layout_rooms, lemuel_crystal_altar, uniq_menkaure
Temple:   jpeg_temple_alley_garden

Skill      XL: |  1  2  3  4  5  6  7  8 |
---------------+-------------------------+-----
Stealth        | 6 7 8 9 10 11 | 11.6
Dodging        | 2 3 4 5 |  5.1
Fighting       | 2 3 |  3.4
Short Blades   | 3 4 |  4.9
Throwing       | 3 4 |  4.4

Action                   |  1- 3 |  4- 6 |  7- 9 || total
-------------------------+-------+-------+-------++-------
Melee: Dagger            |    88 |   172 |    55 ||   315
       Punch             |     1 |     3 |     1 ||     5
       Short sword       |       |       |    81 ||    81
Throw: Dart              |    17 |    45 |    38 ||   100
  Use: Scroll            |       |     8 |       ||     8
 Stab: Sleeping          |    12 |    19 |    12 ||    43
       Distracted        |     3 |       |     3 ||     6
Armor: Robe              |    10 |     9 |     6 ||    25
Dodge: Dodged            |    51 |    87 |    72 ||   210
